cohdb
Replays
Latest Replays
All Replays
Popular Replays
Top Player Replays
Match Explorer
How It Works
Community
CoH3 Stats
Reddit
Sign in to upload your games and track your stats! →
Sign in with Steam
Match 43155660
Unlisted
Match 43155660
Overview
Messages
Build Orders
End
Vickers Machine Gun Team
Construct Section Command Post
Infantry Section
Vickers Machine Gun Team
Selects Canadian Shock Battlegroup
Selects Incendiary Munitions
Construct Platoon Command Post
ML 3-inch Mortar Team
Infantry Section
AI Takeover
BBGrimrock
Longjing tea
Bata eu
Husar
Steffen
391878204
0
0
Comments
sign in to comment!
No comments posted yet!